 Dungeon Crawl Stone Soup version 0.30.0-30-g96aa6591b8 (webtiles) character file.

Game seed: 12702848818872536613

98 Sabo the Chopper (level 4, -5/35 HPs)
             Began as a Demonspawn Monk on June 29, 2023.
             Slain by an iguana (7 damage)
             ... on level 3 of the Dungeon.
             The game lasted 00:11:37 (2775 turns).

Sabo the Chopper (Demonspawn Monk)                  Turns: 2775, Time: 00:11:38

Health: -5/35      AC:  6    Str: 13    XL:     4   Next: 43%
Magic:  13/13      EV: 11    Int: 12    God:
Gold:   125        SH:  0    Dex: 15    Spells: 3/3 levels left

rFire   . . .        a - +0 hand axe
rCold   . . .        d - orb {light}
rNeg    . . .        f - +0 ring mail
rPois   +            (no helmet)
rElec   .            u - +0 cloak
rCorr   .            (no gloves)
SInv    .            (no boots)
Will    .....        (no amulet)
Stlth   +            l - ring of magical power
HPRegen 0.25/turn    w - ring of poison resistance
MPRegen 0.13/turn

%: no passive effects
@: glowing
A: foul stench 1
a: no special abilities


You were on level 3 of the Dungeon.
You visited 1 branch of the dungeon, and saw 3 of its levels.

You collected 125 gold pieces.

Inventory:

Hand Weapons
 a - a +0 hand axe (weapon)
 t - a +0 sling
Missiles
 h - 5 javelins (quivered)
 o - 5 boomerangs
Armour
 d - an orb of light (worn)
 f - a +0 ring mail (worn)
 u - a +0 cloak (worn)
Jewellery
 b - a ring of fire
 l - a ring of magical power (left hand)
 w - a ring of poison resistance (right hand)
Scrolls
 e - a scroll of immolation {unknown}
 i - a scroll of poison
 j - a scroll of identify {unknown}
 k - a scroll of fog {unknown}
 m - a scroll of blinking {unknown}
 r - 2 scrolls of teleportation {unknown}
 s - a scroll of enchant armour {unknown}
 v - a scroll of magic mapping {unknown}
 x - a scroll of noise {unknown}
Potions
 c - a potion of ambrosia
 g - 2 potions of berserk rage {unknown}
 n - 3 potions of curing {unknown}
 p - 2 potions of mutation {unknown}
 q - a potion of heal wounds {unknown}


   Skills:
 + Level 3.4 Fighting
 + Level 3.9 Axes
 + Level 1.2 Armour
 + Level 3.1 Dodging


You had 3 spell levels left.
You didn't know any spells.
Your spell library contained the following spells:

 Spells                   Type           Power      Damage    Failure   Level
 Sandblast                Erth           0%         2d4       56%         1
 Passwall                 Tmut/Erth      0%         N/A       71%         2
 Stone Arrow              Conj/Erth      0%         3d7       91%         3


Dungeon Overview and Level Annotations

Branches:
Dungeon (3/15)

Altars:
Fedhas

Annotations:
D:3 2 transporters, 1 runed translucent door, nogood's ghost, weakling DsFE


Innate Abilities, Weirdness & Mutations

You may rarely emit foul miasma when damaged in melee.


Message History

The iguana bites you but does no damage.
You hit the iguana but do no damage.
The iguana is heavily wounded.
The iguana completely misses you.
You hit the iguana but do no damage.
The iguana is heavily wounded.
The iguana barely misses you.
You hit the iguana.
The iguana is heavily wounded.
The iguana closely misses you.
You completely miss the iguana.
The iguana is heavily wounded.
The iguana misses you.
You hit the iguana.
The iguana is heavily wounded.
The iguana closely misses you.
You completely miss the iguana.
The iguana is heavily wounded.
The iguana bites you.
You hit the iguana but do no damage.
The iguana is heavily wounded.
The iguana bites you. The iguana bites you!
You barely miss the iguana.
The iguana is heavily wounded.
The iguana bites you!
* * * LOW HITPOINT WARNING * * *
You hit the iguana but do no damage.
The iguana is heavily wounded.
The iguana bites you but does no damage.
You barely miss the iguana.
The iguana is heavily wounded.
The iguana bites you.
* * * LOW HITPOINT WARNING * * *
You hit the iguana.
The iguana is severely wounded.
The iguana misses you.
You hit the iguana.
The iguana is almost dead.
The iguana bites you!
You die...

## #..) ♣♣♣.+. ###
♣..♣ ##### ... .♣
#....# #.####. ♣♣
#....l#.......
#####@# #
#######.....# #
#)##.##.###.# #
#.##.##.# #.#
######.#.#.#†# #.#
........###..# #.#
######...#.#.# #.#
#########.##.# #.#
..........##.###.##


You could see an iguana.

Vanquished Creatures
  2 adders
  A worm (D:2)
  3 dart slugs (D:2)
  8 endoplasms
  3 giant cockroaches
  5 goblins
  8 hobgoblins
  2 jackals (D:3)
  3 quokkas
  9 ball pythons
  6 bats
  4 frilled lizards
  6 kobolds
  6 rats
66 creatures vanquished.

Notes
Turn   | Place    | Note
-------+----------+-------------------------------------------
     0 | D:1      | Sabo the Demonspawn Monk began the quest for the Orb.
     0 | D:1      | Reached XP level 1. HP: 18/18 MP: 1/1
   180 | D:1      | Gained mutation: You may rarely emit foul miasma when
                  | damaged in melee. [demonic ancestry]
   180 | D:1      | Reached XP level 2. HP: 24/24 MP: 2/2
  1105 | D:2      | Reached XP level 3. HP: 29/29 MP: 3/3
  1877 | D:2      | Reached skill level 1 in Armour
  1946 | D:2      | Found a blossoming altar of Fedhas.
  2089 | D:2      | Reached XP level 4. HP: 34/35 MP: 4/4
  2443 | D:3      | Found a transporter.
  2443 | D:3      | Noticed nogood's ghost (weakling DsFE)
  2444 | D:3      | Noticed a phantom
  2462 | D:3      | Found a transporter.
  2625 | D:3      | Found a runed translucent door.
  2773 | D:3      | HP: 1/35 [iguana (4)]
  2775 | D:3      | Slain by an iguana

Illustrated notes

Levels and vault maps discovered:
D:1:      eino_arrival_tree_alley, layout_loops_ring
D:2:      minmay_thinvault, layout_loops_ring, basic_altar
D:3:      layout_loops_ring, gammafunk_ghost_arena, minmay_mini_jars,
          uniq_crazy_yiuf_cottage

Skill      XL: |  1  2  3 |
---------------+----------+-----
Axes           | 3 |  3.9
Dodging        | 3 |  3.1
Armour         | 1 |  1.2
Fighting       | |  3.4

Action                     |  1- 3 |  4- 6 || total
---------------------------+-------+-------++-------
  Melee: Hand axe          |   134 |    51 ||   185
    Use: Scroll            |     1 |     1 ||     2
 Armour: Ring mail         |    54 |    12 ||    66
         Robe              |     2 |       ||     2
  Dodge: Dodged            |    85 |    27 ||   112
